 Dungeon Crawl Stone Soup version 0.25-b1-37-g2669288c55 (webtiles) character file.

Game seed: 15067872483347279790

112 funkygono the Magician (level 4, -8/24 HPs)
             Began as a Deep Elf Fire Elementalist on June 6, 2020.
             Killed by nerve-wracking pain
             ... invoked by an orc priest
              (9 damage)
             ... on level 3 of the Dungeon.
             The game lasted 00:06:38 (2320 turns).

funkygono the Magician (Deep Elf Fire Elementalist) Turns: 2320, Time: 00:06:41

Health: -8/24      AC:  5    Str:  5    XL:     4   Next: 64%
Magic:  5/12       EV: 13    Int: 21    God:
Gold:   65         SH:  0    Dex: 15    Spells: 8/12 levels left

rFire    . . .     SeeInvis .   l - +1 dagger (venom)
rCold    . . .     Gourm    .   (no shield)
rNeg     . . .     Faith    .   a - +0 robe
rPois    .         Spirit   .   h - +0 helmet
rElec    .         Reflect  .   d - +0 cloak
rCorr    .         Harm     .   k - +0 pair of gloves
MR       .....     Rnd*Tele +   (no boots)
Stlth    ++........             f - amulet of inaccuracy (curse)
HPRegen  0.08/turn              n - ring of teleportation (curse)
MPRegen  0.13/turn              (no ring)

@: no status effects
A: no striking features
a: no special abilities


You were on level 3 of the Dungeon.
You were not hungry.

You visited 1 branch of the dungeon, and saw 3 of its levels.

You collected 65 gold pieces.

Inventory:

Hand Weapons
 j - a +2 short sword
 l - a +1 dagger of venom (weapon)
Missiles
 e - 70 stones (quivered)
Armour
 a - a +0 robe (worn)
 d - a +0 cloak (worn)
 h - a +0 helmet (worn)
 k - a +0 pair of gloves (worn)
Jewellery
 f - a cursed amulet of inaccuracy (around neck)
 n - a cursed ring of teleportation (left hand)
Scrolls
 g - a scroll of teleportation
Potions
 i - a potion of cancellation {unknown}
Comestibles
 c - 3 rations
 m - 2 chunks of flesh


   Skills:
 + Level 0.1 Fighting
 + Level 0.3 Short Blades
 + Level 2.8 Dodging
 + Level 3.1 Stealth
 + Level 4.7 Spellcasting
 + Level 1.6 Conjurations
 + Level 4.2 Fire Magic


You had 8 spell levels left.
You knew the following spells:

 Your Spells              Type           Power        Failure   Level  Hunger
a - Foxfire               Conj/Fire      ###.         3%          1    None
b - Conjure Flame         Conj/Fire      ###.....     10%         3    ##.....

Your spell library contained the following spells:

 Spells                   Type           Power        Failure   Level  Hunger
 Inner Flame              Hex/Fire       ##......     14%         3    ##.....
 Sticky Flame             Conj/Fire      ###.....     32%         4    ####...
 Fireball                 Conj/Fire      ###.......   67%         5    ######.


Dungeon Overview and Level Annotations

Branches:
Dungeon (3/15)

Altars:


Message History

The orc priest hits you with a +0 whip.
You closely miss the orc priest.
The orc priest is heavily wounded.
The foxfire hits the orc priest.
The orc priest is severely wounded.
The orc priest hits you with a +0 whip.
The orc priest looks braver for a moment.
You hit the orc priest.
The orc priest is severely wounded.
The orc priest mumbles some strange prayers to Beogh against you.
Beogh smites you!
Ouch! That really hurt!
* * * LOW HITPOINT WARNING * * *
You hit the orc priest.
The orc priest is poisoned.
The orc priest is almost dead.
The dart slug bites you.
* * * LOW HITPOINT WARNING * * *
The orc priest calls down the wrath of Beogh upon you.
Pain shoots through your body!
You die...

. .. #..
... . .)
....#)###
#..oo@#
.....?w.#
......#.#
#.#####.#
# #.# #..
..# >..


You could see 2 orc priests and a dart slug.

Vanquished Creatures
  Robin (D:2)
  2 adders (D:2)
  An ooze (D:1)
  A dart slug (D:1)
  2 leopard geckos
  3 orcs (D:3)
  A giant cockroach (D:2)
  12 goblins
  11 hobgoblins
  6 jackals
  2 quokkas (D:2)
  11 bats
  7 kobolds
  4 rats
64 creatures vanquished.

Vanquished Creatures (others)
  134 foxfires
134 creatures vanquished.

Grand Total: 198 creatures vanquished

Notes
Turn   | Place    | Note
-------+----------+-------------------------------------------
     0 | D:1      | funkygono the Deep Elf Fire Elementalist began the quest
                  | for the Orb.
     0 | D:1      | Reached XP level 1. HP: 10/10 MP: 6/6
   323 | D:1      | Reached XP level 2. HP: 14/15 MP: 5/8
   841 | D:1      | Reached XP level 3. HP: 19/19 MP: 7/10
  1626 | D:2      | Reached XP level 4. HP: 24/24 MP: 3/12
  1643 | D:2      | Noticed Robin
  1681 | D:2      | Killed Robin
  2276 | D:2      | Learned a level 3 spell: Conjure Flame
  2320 | D:3      | HP: 1/24 [dart slug (1)]
  2320 | D:3      | Killed from afar by an orc priest

Illustrated notes

Levels and vault maps discovered:
D:1:      minmay_arrival_four_houses, layout_loops_ring, minmay_statues_item
D:2:      layout_loops_ring, uniq_robin
D:3:      layout_basic, gup_sewer_entry_bowl

Skill      XL: |  1  2  3  4 |
---------------+-------------+-----
Fire Magic     | 4 |  4.2
Spellcasting   | 4 |  4.7
Stealth        | 3 |  3.1
Fighting       | |  0.1
Short Blades   | |  0.3
Dodging        | |  2.8
Conjurations   | |  1.6

Action                   |  1- 3 |  4- 6 || total
-------------------------+-------+-------++-------
Melee: Short sword       |    13 |       ||    13
       Dagger            |     1 |    30 ||    31
 Cast: Foxfire           |    71 |    29 ||   100
  Use: Scroll            |     4 |     2 ||     6
       Potion            |       |     1 ||     1
 Stab: Sleeping          |     1 |       ||     1
  Eat: Chunk             |     1 |     3 ||     4
Armor: Robe              |     9 |     6 ||    15
       Skin              |       |     5 ||     5
Dodge: Dodged            |    36 |    17 ||    53
